 Dungeon Crawl Stone Soup version 0.16.2-12-gd0ad4c3 (webtiles) character file.

32 faibistes the Magician (level 3, -1/19 HPs)
             Began as a Deep Elf Wizard on Feb 7, 2018.
             Slain by an orc (2 damage)
             ... on level 3 of the Dungeon.
             The game lasted 00:03:04 (1419 turns).

faibistes the Magician (Deep Elf Wizard)            Turns: 1419, Time: 00:03:05

Health: -1/19      AC:  2    Str:  4    XL:     3   Next: 8%
Magic:  10/13      EV: 13    Int: 23    God:
Gold:   37         SH:  0    Dex: 13    Spells: 5 memorised, 0 levels left

rFire  . . .     SeeInvis .     f - +2 hand axe (chop)
rCold  . . .     Clarity  .     a - +0 robe
rNeg   . . .     SustAb   .     (no shield)
rPois  .         Gourm    +     b - +0 hat
rElec  .         Spirit   .     (no cloak)
rCorr  .         Warding  .     (no gloves)
rMut   .         Stasis   .     (no boots)
MR     .....                    i - amulet of the gourmand
Stlth  ++........               (no ring)
                                (no ring)

@: not resistant to hostile enchantments, unstealthy
A: no striking features
a: no special abilities


You were on level 3 of the Dungeon.
You were not hungry.

You visited 1 branch of the dungeon, and saw 3 of its levels.

You collected 37 gold pieces.

Inventory:

Hand weapons
 f - a +2 hand axe of chopping (weapon)
Armour
 a - a +0 robe (worn)
 b - a +0 hat (worn)
Jewellery
 i - an amulet of the gourmand (around neck)
Scrolls
 e - 2 scrolls of identify {unknown}
 h - a scroll of remove curse {unknown}
 j - a scroll of magic mapping {unknown}
 k - a scroll of enchant armour {unknown}
Potions
 g - 2 potions of curing {unknown}
Books
 c - a book of Minor Magic

   Spells                             Type                      Level
   a - Magic Dart                     Conjuration                  1
   b - Blink                          Translocation                2
   c - Call Imp                       Summoning                    2
   d - Repel Missiles                 Charms/Air                   2
   e - Slow                           Hexes                        2
   f - Conjure Flame                  Conjuration/Fire             3
   g - Mephitic Cloud                 Conjuration/Poison/Air       3
Comestibles
 d - 2 bread rations


   Skills:
 + Level 3.0 Dodging
 - Level 2.4 Stealth
 * Level 4.8 Spellcasting
 * Level 2.4 Conjurations
 - Level 1.1 Summonings
 - Level 1.1 Translocations


You couldn't memorise any spells.
You knew the following spells:

 Your Spells              Type           Power        Failure   Level  Hunger
a - Magic Dart            Conj           ###.         3%          1    None
b - Conjure Flame         Conj/Fire      ##......     21%         3    ##.....
c - Call Imp              Summ           ##......     12%         2    None
d - Blink                 Tloc           N/A          12%         2    None
e - Mephitic Cloud        Conj/Pois/Air  #.......     21%         3    ##.....


Dungeon Overview and Level Annotations

Branches:
Dungeon (3/15)

Altars:


Message History

Press: ? - help, Shift-Dir - straight line, f/p - orc
Aim: an orc, wearing a scale mail (heavily wounded)
The magic dart hits the orc.
The orc is severely wounded.
The orc closely misses you. The orc hits you.
You closely miss the orc.
The orc is severely wounded.
You completely miss the orc. The orc closely misses you. The orc misses you.
You barely miss the orc. You closely miss the orc.
The orc is severely wounded.
The orc closely misses you. The orc hits you.
You hit the orc but do no damage.
The orc is severely wounded.
You hit the orc.
The orc is heavily wounded.
The orc hits you with a dagger. The orc barely misses you.
The orc hits you with a dagger.
* * * LOW HITPOINT WARNING * * *
The orc hits you.
You die...

#.# #.# #.# #.#
#.# # #.#
.###.##.#
#........#
#....@#
+......ool.......
#.#.......#####
#..........#
#..........#
..........#
#.......##
#....?## ...


You could see 2 orcs and a giant newt.

Vanquished Creatures
  A worm (D:1)
  A giant gecko (D:1)
  An ooze (D:1)
  An orc (D:3)
  4 bats
  3 giant cockroaches (D:1)
  3 hobgoblins
  5 kobolds (D:1)
  A ball python (D:1)
  A giant newt (D:1)
  2 rats (D:1)
23 creatures vanquished.

Notes
Turn   | Place    | Note
--------------------------------------------------------------
     0 | D:1      | faibistes, the Deep Elf Wizard, began the quest for the Orb.
     0 | D:1      | Reached XP level 1. HP: 10/10 MP: 6/6
     3 | D:1      | Noticed an electric eel
     3 | D:1      | Noticed an electric eel
   300 | D:1      | Reached XP level 2. HP: 15/15 MP: 6/9
   341 | D:1      | Learned a level 2 spell: Blink
   344 | D:1      | Learned a level 2 spell: Call Imp
  1256 | D:1      | Reached XP level 3. HP: 11/19 MP: 0/13
  1272 | D:1      | Learned a level 3 spell: Conjure Flame
  1276 | D:1      | Learned a level 3 spell: Mephitic Cloud
  1419 | D:3      | Slain by an orc

Action                   || total
-------------------------++-------
Melee: Hand axe          ||    15
 Cast: Magic Dart        ||    58
 Stab: Sleeping          ||     1
  Eat: Chunk             ||     7
